 Dungeon Crawl Stone Soup version 0.31-a0-237-g2d982f9f85 (webtiles) character file.

Game seed: 1943702066868548362

77 qw the Shooter (level 4, -2/26 HPs)
             Began as a Gargoyle Hexslinger on July 11, 2023.
             Slain by an orc
             ... wielding a +0 whip
              (4 damage)
             ... on level 3 of the Dungeon.
             The game lasted 00:00:43 (1652 turns).

qw the Shooter (Gargoyle Hexslinger)                Turns: 1652, Time: 00:00:43

Health: -2/26      AC:  9    Str: 11    XL:     4   Next: 33%
Magic:  5/5        EV: 10    Int: 14    God:
Gold:   119        SH:  0    Dex: 14    Spells: 4/5 levels left

rFire   . . .        Y - +2 sling (drain)
rCold   . . .        (no shield)
rNeg    + . .        g - +0 ring mail
rPois   inf          f - +0 helmet
rElec   +            (no cloak)
rCorr   .            (no gloves)
SInv    .            (no boots)
Will    .....        (no amulet)
Stlth   +            (no ring)
HPRegen 0.24/turn    (no ring)
MPRegen 0.09/turn

%: no passive effects
@: no status effects
A: sickness immunity, AC +3, negative energy resistance 1, electricity
resistance, torment resistance 1, petrification resistance
a: no special abilities


You were on level 3 of the Dungeon.
You visited 1 branch of the dungeon, and saw 3 of its levels.

You collected 119 gold pieces.


Innate Abilities, Weirdness & Mutations

You are immune to sickness and miasma.
Your stone body is resilient. (AC +3)
You are immune to poison.
You resist negative energy. (rN+)
You are resistant to electric shocks. (rElec)
You are resistant to unholy torment.
You are immune to petrification.


   Skills:
 - Level 2.0 Fighting
 + Level 3.9 Ranged Weapons
 - Level 1.2 Armour
 - Level 1.5 Dodging
 - Level 1.0 Spellcasting
 - Level 2.6 Hexes


You had 4 spell levels left.
You knew the following spells:

 Your Spells              Type           Power      Damage    Failure   Level
a - Slow                  Hex            32%        N/A       21%         1

Your spell library contained the following spells:

 Spells                   Type           Power      Damage    Failure   Level
 Inner Flame              Hex/Fire       4%         N/A       71%         3
 Portal Projectile        Hex/Tloc       8%         N/A       71%         3
 Cause Fear               Hex            4%         N/A       90%         4

Inventory:

Hand Weapons
 Y - a +2 sling of draining (weapon)
Armour
 f - a +0 helmet (worn)
 g - a +0 ring mail (worn)
Scrolls
 a - a scroll of revelation {unknown}
 b - a scroll of identify
Potions
 d - a potion of might {unknown}
 e - a potion of heal wounds {unknown}
 h - a potion of haste {unknown}

Dungeon Overview and Level Annotations

Branches:
Dungeon (3/15)

Altars:

Shops:
D:1 =


Message History

The orc misses you.
You shoot a sling bullet.
The sling bullet closely misses the scorpion.
The scorpion stings you but does no damage.
The orc closely misses you. The orc barely misses you.
The scorpion closely misses you. The orc misses you. The orc barely misses you.
You shoot a sling bullet.
The sling bullet hits the scorpion but does no damage.
The scorpion is moderately wounded.
The scorpion barely misses you. The orc hits you but does no damage.
The orc barely misses you.
You shoot a sling bullet.
The sling bullet hits the scorpion but does no damage.
The scorpion is moderately wounded.
The scorpion stings you. The orc barely misses you. The orc closely misses you.
The scorpion barely misses you.
You shoot a sling bullet.
The sling bullet closely misses the scorpion.
The orc hits you with a +0 flail.
The scorpion stings you but does no damage.
The orc barely misses you.
You shoot a sling bullet.
The sling bullet closely misses the scorpion.
The scorpion barely misses you. The orc closely misses you.
The orc hits you but does no damage.
The scorpion stings you but does no damage.
The orc barely misses you. The orc hits you but does no damage.
You shoot a sling bullet.
The sling bullet barely misses the scorpion.
The scorpion stings you. The orc barely misses you.
The orc hits you with a +0 whip. The scorpion misses you.
You shoot a sling bullet. The sling bullet hits the scorpion.
You drain the scorpion.
The scorpion is almost dead.
The orc hits you with a +0 flail. The orc barely misses you.
The scorpion barely misses you.
You shoot a sling bullet. The sling bullet hits the scorpion.
You kill the scorpion!
The orc hits you with a +0 flail. The orc hits you with a +0 whip.
You die...

##...#....# ....#...
#.%#)## ......####.#..##
.### ..##..........###
.....#..#........)...##.
.....#..................
....)...##..............
...)..oo.#..........)...
......!@.....(..........
.....#..................
... ###.#..............
# #...........#....
##..........#....
..>.####........# ###...
..........
#####..........#
..........#


You could see 2 orcs.

Vanquished Creatures
  A scorpion (D:3)
  2 adders (D:3)
  2 worms (D:2)
  2 dart slugs
  3 orcs (D:3)
  3 ball pythons
  2 bats (D:1)
  3 endoplasms (D:1)
  4 giant cockroaches
  5 hobgoblins
  5 kobolds
  A quokka (D:1)
  4 frilled lizards
  4 goblins
  6 rats
47 creatures vanquished.

Notes
Turn   | Place    | Note
-------+----------+-------------------------------------------
     0 | D:1      | qw the Gargoyle Hexslinger began the quest for the Orb.
     0 | D:1      | Reached XP level 1. HP: 12/12 MP: 2/2
     0 | D:1      | 0 ||| qw: Version: 0.3-a-52-g30416fa
     0 | D:1      | 0 ||| qw: Game counter: 5756
     0 | D:1      | 0 ||| qw: Melee chars always use a shield: true
     0 | D:1      | 0 ||| qw: God list: Okawaru
     0 | D:1      | 0 ||| qw: Allow faded altars: false
     0 | D:1      | 0 ||| qw: Do Orc after clearing Dungeon:15 true
     0 | D:1      | 0 ||| qw: Do second Lair branch before Depths: true
     0 | D:1      | 0 ||| qw: Lair rune preference: random
     0 | D:1      | 0 ||| qw: Goals: Normal
     0 | D:1      | 0 ||| PLANNING D:1-11
   123 | D:1      | Reached XP level 2. HP: 16/16 MP: 3/3
   280 | D:1      | Reached skill level 3 in Ranged Weapons
   322 | D:1      | Found a faded altar of an unknown god.
   506 | D:1      | Found Ufegg's Jewellery Emporium.
   509 | D:1      | 509 ||| SHOPLISTING amulet of regeneration (330 gold, have
                  | 30).
   509 | D:1      | 509 ||| SHOPLISTING ring of Moidufe {Ice Slay+3} (490 gold,
                  | have 30).
   509 | D:1      | 509 ||| SHOPLISTING ring of fire (275 gold, have 30).
   674 | D:1      | Reached XP level 3. HP: 21/21 MP: 4/4
   800 | D:1      | 800 ||| UPGRADING to +0 ring mail.
   810 | D:1      | 810 ||| DROPPING +0 robe.
   811 | D:1      | 811 ||| READING scroll labelled OTSENK FOAHEYFOASM.
   812 | D:1      | 812 ||| READING scroll labelled ZITUICUWIPN.
   813 | D:1      | 813 ||| DROPPING scroll of poison.
  1486 | D:2      | 1486 ||| UPGRADING to +0 helmet.
  1491 | D:2      | 1491 ||| READING scroll labelled ZAUHIESATA.
  1494 | D:2      | 1494 ||| READING scroll labelled ZUYV OMIDDEIPIUKH.
  1495 | D:2      | 1495 ||| READING scroll labelled LUILUOQAIZO.
  1520 | D:3      | Identified the +1 short sword "Moave" {flame, Dex+4}
  1574 | D:3      | Reached skill level 1 in Armour
  1574 | D:3      | Reached XP level 4. HP: 19/26 MP: 5/5
  1638 | D:3      | Noticed a scorpion
  1652 | D:3      | Killed a scorpion
  1652 | D:3      | HP: 2/26 [orc/+0 flail (6)]
  1652 | D:3      | Slain by an orc

Levels and vault maps discovered:
D:1:      lightli_molten_gateway, layout_loops_ring, serial_shops,
          nicolae_shop_window_shopping, ebering_ecumenical_altar_webs,
          minmay_surrounded
D:2:      layout_loops_ring, grunt_ministairs_11
D:3:      layout_rooms

Skill      XL: |  1  2  3 |
---------------+----------+-----
Ranged Weapons | 3 |  3.9
Fighting       | 2 |  2.0
Armour         | 1 |  1.2
Dodging        | |  1.5
Spellcasting   | |  1.0
Hexes          | |  2.6

Action                     |  1- 3 |  4- 6 || total
---------------------------+-------+-------++-------
   Fire: Sling             |   140 |    34 ||   174
    Use: Scroll            |     5 |       ||     5
 Armour: Robe              |    14 |       ||    14
         Ring mail         |    25 |    11 ||    36
  Dodge: Dodged            |    54 |    28 ||    82

Table legend:
 A = Non-vault XP
 B = Vault XP
 C = Vault XP percentage of total XP
 D = Non-vault monster count
 E = Vault monster count
 F = Vault count percentage of total count
                 A         B        C        D         E       F
            +---------+---------+-------+---------+---------+-------
      Total |     179 |      10 |   5.3 |      41 |       6 |  12.8
            +---------+---------+-------+---------+---------+-------
        D:1 |      28 |       6 |  17.6 |      16 |       4 |  20.0
        D:2 |      28 |       4 |  12.5 |      13 |       2 |  13.3
        D:3 |     123 |       0 |   0.0 |      12 |       0 |   0.0
            +---------+---------+-------+---------+---------+-------
